 Dungeon Crawl Stone Soup version 0.30-a0-462-gd5975efbca (webtiles) character file.

Game seed: 4854421489699355564

7 cforsyth the Cudgeller (level 1, -4/18 HPs)
             Began as an Armataur Gladiator on Dec 17, 2022.
             Succumbed to a goblin's poison
             ... on level 1 of the Dungeon.
             The game lasted 00:00:18 (546 turns).

cforsyth the Cudgeller (Armataur Gladiator)          Turns: 546, Time: 00:00:19

Health: -4/18      AC:  5    Str: 19    XL:     1   Next: 91%
Magic:  1/1        EV:  9    Int:  8    God:
Gold:   6          SH:  0    Dex: 11    Spells: 0/0 levels left

rFire   . . .      SeeInvis .    a - +0 flail
rCold   . . .      Faith    .    (no shield)
rNeg    . . .      Spirit   .    b - +0 leather armour
rPois   .          Reflect  .    c - +0 helmet
rElec   .          Harm     .    (no cloak)
rCorr   .          Roll     +    (no gloves)
Will    .....                    (no barding)
Stlth   +.........               (no amulet)
HPRegen 0.23/turn                (no ring)
MPRegen 0.07/turn                (no ring)

@: lethally poisoned (-4 -> -26)
A: large, rugged brown scales 3, deformed body, armoured tail, roll, long
tongue, awkward tongue
a: no special abilities


You were on level 1 of the Dungeon.
You visited 1 branch of the dungeon, and saw 1 of its levels.

You collected 6 gold pieces.

Inventory:

Hand Weapons
 a - a +0 flail (weapon)
Missiles
 d - 3 throwing nets (quivered)
 e - a javelin
Armour
 b - a +0 leather armour (worn)
 c - a +0 helmet (worn)
Jewellery
 h - a ring of see invisible
Scrolls
 f - a scroll of vulnerability {unknown}
 j - 3 scrolls of fog {unknown}
 k - a scroll of poison {unknown}
Potions
 g - a potion of mutation {unknown}
 i - a potion of brilliance {unknown}


   Skills:
 + Level 2.0 Fighting
 + Level 2.8 Maces & Flails
 + Level 1.9 Throwing
 + Level 2.2 Dodging


You couldn't memorise any spells.
You didn't know any spells.
Your spell library was empty.

Dungeon Overview and Level Annotations

Branches:
Dungeon (1/15)

Altars:


Innate Abilities, Weirdness & Mutations

You are completely covered in rugged brown scales. (AC +3, +7% HP)
Armour fits poorly on your strangely shaped body.
You have a long armoured tail.
You roll when moving toward enemies. (Rampage)
Your long tongue fully drains potion bottles. (2x potion effects)
Your tongue gives you trouble enunciating. (1.5x scroll delay)


Message History

The goblin shouts!
You roll towards the bat!
You closely miss the bat. The bat hits you but does no damage.
The bat hits you.
You closely miss the goblin. The goblin hits you but does no damage.
You barely miss the goblin. The bat hits you but does no damage.
The goblin hits you but does no damage. x2
The goblin hits you with a +1 dagger of venom.
You are poisoned.
You sock the goblin!
You kill the goblin!
You feel sick. The bat closely misses you.
The goblin hits you but does no damage.
Your Fighting skill increases to level 2!
You are too injured to fight recklessly!
You are too injured to fight recklessly!
You are too injured to fight recklessly!
You are too injured to fight recklessly!
You are too injured to fight recklessly!
You are too injured to fight recklessly!
You are too injured to fight recklessly!
You barely miss the goblin.
Your tail-slap misses the goblin.
You feel sick. The bat hits you but does no damage. The endoplasm hits you.
The goblin closely misses you.
You closely miss the goblin.
You feel sick. The bat hits you but does no damage. The endoplasm freezes you.
You are frozen.
The goblin hits you but does no damage.
You are more poisoned.
The goblin hits you but does no damage.
You are lethally poisoned!
The endoplasm closely misses you.
You feel very sick. The bat barely misses you.
* * * LOW HITPOINT WARNING * * *
You feel very sick. The goblin attacks as you move away!
The goblin hits you with a +1 dagger of venom.
* * * LOW HITPOINT WARNING * * *
You are more poisoned.
You die...

##.## #..###........ #.#
#........P.P.. #.#
##.###.###'### ##+# #.#
#.#8...8# ##...##
#.###.#.###.# ##.!...##
#.....#.#5#.# ##...(...##
##.###.#.###.#
#.....)...####...##.#8...8#
+......Jg.@.........###_###
#.....b...####...##...###..
##.......## ##.###........
..#...?.## ####...#####. #
##...## #...#.#. ## ##+#
#.#...##. ## # ..### ####.
#.# #.. #. #..


You could see an endoplasm, a goblin and a bat.

Vanquished Creatures
  A ball python (D:1)
  A goblin (D:1)
  A hobgoblin (D:1)
  A quokka (D:1)
  A bat (D:1)
  A kobold (D:1)
  A rat (D:1)
7 creatures vanquished.

Notes
Turn   | Place    | Note
-------+----------+-------------------------------------------
     0 | D:1      | cforsyth the Armataur Gladiator began the quest for the
                  | Orb.
     0 | D:1      | Reached XP level 1. HP: 18/18 MP: 1/1
   513 | D:1      | Found a faded altar of an unknown god.
   513 | D:1      | Noticed an iron imp
   546 | D:1      | Succumbed to a goblin's poison

Illustrated notes

Levels and vault maps discovered:
D:1:      lemuel_arrival_rhombus, layout_loops_corners,
          dreamdust_ecumenical_altar_sealed_demon

Skill      XL: |  1 |
---------------+----+-----
Fighting       | 2 |  2.0
Maces & Flails | |  2.8
Throwing       | |  1.9
Dodging        | |  2.2

Action                   || total
-------------------------++-------
Melee: Flail             ||    31
       Tailslap          ||     2
Armor: Leather armour    ||    20
Dodge: Dodged            ||    22

Table legend: (Time is in decaauts)
 A = Elapsed time spent in this place.
 B = Non-inter-level travel time spent in this place.
 C = Inter-level travel time spent in this place.
 D = Time resting spent in this place.
 E = Time spent auto-exploring this place.
 F = Levels seen in this place.
 G = Mean time per level.
                   A        B        C        D        E       F      G
               +--------+--------+--------+--------+--------+-----+--------+
         Total |    554 |    554 |      0 |      0 |    480 |   1 |  554.0 |
       Dungeon |    554 |    554 |      0 |      0 |    480 |   1 |  554.0 |
               +--------+--------+--------+--------+--------+-----+--------+

Top non-repeatable levels by time:
     D:1: 554 daAuts
